 Dungeon Crawl Stone Soup version 0.18.1-48-g4cf74bf (webtiles) character file.

74 Alarkh the Shooter (level 4, -1/33 HPs)
             Began as a Mummy Hunter on Aug 29, 2016.
             Slain by a fire crab (15 damage)
             ... created by the adversity of Qazlal
             ... on level 3 of the Dungeon.
             The game lasted 00:02:31 (1806 turns).

Alarkh the Shooter (Mummy Hunter)                   Turns: 1806, Time: 00:02:32

Health: -1/33      AC:  3    Str: 15    XL:     4   Next: 10%
Magic:  4/4        EV: 11    Int: 11    God:
Gold:   147        SH:  0    Dex: 12    Spells: 0 memorised, 3 levels left

rFire  x . .     SeeInvis .     a - +1 shortbow
rCold  + . .     Gourm    .     c - +0 leather armour
rNeg   + + +     Faith    .     (shield currently unavailable)
rPois  ∞         Spirit   .     (no helmet)
rElec  .         Dismiss  .     (no cloak)
rCorr  .         Reflect  .     (no gloves)
SustAt .         Harm     .     (no boots)
MR     .....                    (no amulet)
Stlth  +.........               (no ring)
                                (no ring)

@: not resistant to hostile enchantments, very unstealthy
A: no food or potions, fire vulnerability, cold resistance 1, negative energy
resistance 3, torment resistance, unbreathing
a: no special abilities


You were on level 3 of the Dungeon.
You were not hungry.

You visited 1 branch of the dungeon, and saw 3 of its levels.

You collected 147 gold pieces.

Inventory:

Hand Weapons
 a - a +1 shortbow (weapon)
 b - a +0 short sword
Missiles
 d - 57 arrows (quivered)
Armour
 c - a +0 leather armour (worn)
Scrolls
 f - a scroll of fog
 g - 5 scrolls of remove curse
 h - a scroll of immolation
 i - a scroll of fear {unknown}
 j - a scroll of blinking {unknown}
 k - a scroll of random uselessness {unknown}


   Skills:
 - Level 2.0 Fighting
 + Level 4.7 Bows
 - Level 1.5 Dodging
 - Level 0.7 Stealth


You had 3 spell levels left.
You didn't know any spells.

Dungeon Overview and Level Annotations

Branches:
Dungeon (3/15)

Altars:
Qazlal


Innate Abilities, Weirdness & Mutations

You do not eat or drink.
Your flesh is vulnerable to fire.
You are immune to poison.
Your flesh is cold resistant.
You are immune to negative energy.
You are immune to unholy pain and torment.
You can survive without breathing.


Message History

d - 56 arrows (gained 1)
You see here a club.
d - 57 arrows (gained 1)
You see here a club.
Found a stone staircase leading down.
You now have 147 gold pieces (gained 14).
Qazlal incites the elements against you!
A basilisk and a fire crab come into view.
There are monsters nearby!
Read which item? (? for menu, Esc to quit)
Identify which item? (\ to view known items) (? for menu, Esc to quit)
As you read the scroll of identify, it crumbles to dust.
f - a scroll of fog Read which item? (? for menu, Esc to quit)
Identify which item? (\ to view known items) (? for menu, Esc to quit)
As you read the scroll of identify, it crumbles to dust.
h - a scroll of immolation The basilisk bites you!
The fire crab bites you!
You are engulfed in flames!
The fire burns you terribly!
You die...

##### #...# #.#.# #.#.#
#####.#.# #######
#.....#.# #.....#
########.#####.#####.#.#
..........t.##...# #.#.#
##.#####.##@####.# #.#.#
#.##l# #.# #.#.#####
#.##.# #.# #.#......
#.##.####.###.######.
#.##.#...............
####.#.##.###.#......
#.#....###.##..#..
#.#.####.......###
#>...........)..


You could see a fire crab and a basilisk.

Vanquished Creatures
  2 adders (D:2)
  2 worms (D:2)
  2 dart slugs (D:2)
  A giant gecko (D:2)
  2 giant cockroaches
  5 hobgoblins
  2 jackals (D:2)
  A quokka (D:2)
  7 bats
  A giant newt (D:2)
  10 goblins
  5 kobolds
  6 rats
46 creatures vanquished.

Notes
Turn   | Place    | Note
--------------------------------------------------------------
     0 | D:1      | Alarkh the Mummy Hunter began the quest for the Orb.
     0 | D:1      | Reached XP level 1. HP: 16/16 MP: 1/1
   416 | D:1      | Reached XP level 2. HP: 14/22 MP: 2/2
  1048 | D:2      | Reached skill level 4 in Bows
  1080 | D:2      | Reached XP level 3. HP: 19/27 MP: 3/3
  1183 | D:2      | Found a faded altar to an unknown god.
  1192 | D:2      | Became a worshipper of Qazlal Stormbringer
  1192 | D:2      | Reached * piety under Qazlal
  1192 | D:2      | Fell from the grace of Qazlal
  1619 | D:2      | Reached XP level 4. HP: 33/33 MP: 4/4
  1805 | D:3      | Noticed a basilisk
  1805 | D:3      | Noticed a fire crab
  1806 | D:3      | Slain by a fire crab

Skill      XL: |  1  2 |
---------------+-------+-----
Bows           | 4 |  4.7
Fighting       | |  2.0
Dodging        | |  1.5
Stealth        | |  0.7

Action                   |  1- 3 |  4- 6 || total
-------------------------+-------+-------++-------
Melee: Short sword       |    92 |       ||    92
 Fire: Shortbow          |    57 |     8 ||    65
Invok: Renounce Religion |     1 |       ||     1
  Use: Scroll            |     1 |     2 ||     3
 Stab: Sleeping          |     1 |       ||     1
Armor: Leather armour    |    48 |       ||    48
Dodge: Dodged            |    71 |       ||    71
